 Seeded DCSS version 0.30-a0-1094-g860fb061e7 (webtiles) character file.

Game seed: 7851298505247932012 (custom seed)

1 Pimp the Trooper (level 1, 0/19 HPs)
             Began as a Draconian Fighter on Apr 17, 2023.
             Succumbed to a goblin's poison
             ... on level 1 of the Dungeon.
             The game lasted 00:00:09 (42 turns).

Pimp the Trooper (Draconian Fighter)                  Turns: 42, Time: 00:00:10

Health: 0/19       AC:  4    Str: 18    XL:     1   Next: 16%
Magic:  1/1        EV: 12    Int:  8    God:
Gold:   7          SH:  4    Dex: 10    Spells: 0/0 levels left

rFire   . . .      SeeInvis .    a - +0 war axe
rCold   . . .      Faith    .    b - +0 buckler
rNeg    . . .      Spirit   .    (body armour unavailable)
rPois   .          Reflect  .    (helmet restricted)
rElec   .          Rampage  .    (no cloak)
rCorr   .                        (no gloves)
Will    .....                    (no boots)
Stlth   +                        (no amulet)
HPRegen 0.23/turn                (no ring)
MPRegen 0.07/turn                (no ring)

@: lethally poisoned (0 -> -1)
A: AC +4, unfitting armour, cold-blooded
a: no special abilities


You were on level 1 of the Dungeon.
You visited 1 branch of the dungeon, and saw 1 of its levels.

You collected 7 gold pieces.

Inventory:

Hand Weapons
 a - a +0 war axe (weapon)
Armour
 b - a +0 buckler (worn)
Potions
 c - a potion of might


   Skills:
 + Level 3.3 Fighting
 + Level 2.0 Axes
 + Level 2.7 Dodging
 + Level 3.0 Shields


You couldn't memorise any spells.
You didn't know any spells.
Your spell library was empty.

Dungeon Overview and Level Annotations

Branches:
Dungeon (1/15)

Altars:


Innate Abilities, Weirdness & Mutations

Your plain brown scales are hard. (AC +4)
You cannot fit into any form of body armour.
You are cold-blooded and may be slowed by cold attacks.


Message History

The goblin is almost dead.
You feel very sick. The goblin hits you but does no damage.
You barely miss the goblin.
You tail-slap the goblin, but do no damage.
The goblin is severely wounded.
You feel sick. The goblin hits you but does no damage.
You block the goblin's attack.
You barely miss the goblin.
The goblin is severely wounded.
You feel sick. The goblin barely misses you.
You barely miss the goblin.
The goblin is severely wounded.
You feel sick. You block the goblin's attack.
You barely miss the goblin.
Your tail-slap misses the goblin.
The goblin is heavily wounded.
You feel sick.
The goblin hits you with a +0 dagger of venom.
You are lethally poisoned!
The goblin completely misses you.
You barely miss the goblin.
The goblin is heavily wounded.
* * * LOW HITPOINT WARNING * * *
You feel very sick. You block the goblin's attack.
You hit the goblin.
You kill the goblin!
* * * LOW HITPOINT WARNING * * *
You feel sick.
Unknown command.
Okay, then.
A hobgoblin comes into view.
* * * LOW HITPOINT WARNING * * *
You feel sick.
You see here a +0 dagger of venom.
Found a scroll labelled SIUFESMASIO and 14 gold pieces.
* * * LOW HITPOINT WARNING * * *
You feel sick.
The hobgoblin shouts!
You die...

#########
#........
#......g.
#........
########........ .
.$.?...@........
.....#####........
#.. ##).......
#... ###....$^...
.....##...........
........##########
#######.# ######
####.#
##....####....#


You could see a hobgoblin.

Vanquished Creatures
  A goblin (D:1)
1 creature vanquished.

Notes
Turn   | Place    | Note
-------+----------+-------------------------------------------
     0 | D:1      | Pimp the Draconian Fighter began the quest for the Orb.
     0 | D:1      | Reached XP level 1. HP: 19/19 MP: 1/1
    42 | D:1      | Succumbed to a goblin's poison

Illustrated notes

Levels and vault maps discovered:
D:1:      minmay_arrival_wavy_path, layout_rooms

Action                     || total
---------------------------++-------
  Melee: War axe           ||     7
         Tailslap          ||     1
 Armour: Skin              ||     2
  Dodge: Dodged            ||     2
  Block: Buckler           ||     3

Table legend: (Time is in decaauts)
 A = Elapsed time spent in this place.
 B = Non-inter-level travel time spent in this place.
 C = Inter-level travel time spent in this place.
 D = Time resting spent in this place.
 E = Time spent auto-exploring this place.
 F = Levels seen in this place.
 G = Mean time per level.
                   A        B        C        D        E       F      G
               +--------+--------+--------+--------+--------+-----+--------+
         Total |     45 |     45 |      0 |      0 |     28 |   1 |   45.0 |
       Dungeon |     45 |     45 |      0 |      0 |     28 |   1 |   45.0 |
               +--------+--------+--------+--------+--------+-----+--------+

Top non-repeatable levels by time:
     D:1: 45 daAuts
